Map: Thunderbird LE

Players

BratOK (Brat_OK) - Winner!

  • Race: Terran Terran
  • Spawn Location: 11:00

Spazymazy

  • Race: Zerg Zerg
  • Spawn Location: 5:00

Event: 2019 WCS Summer

VOD

Have the link to the VOD?

Description

Time

  • Played on: July 12, 2019, 6:33 a.m.
  • Length: 18:04

All games in this series

Show
View Real Time Build Order
Export as new Build Order

BratOK Terran - Winner!

Build Orders: Reaper Expand, Mech 

Get SALT Encoding   

  12  0:00  SCV  
  13  0:12  SCV  
  14  0:17  Supply Depot  
  14  0:25  SCV  
  15  0:38  SCV  
  15  0:39  Barracks  
  16  0:43  Refinery  
  16  0:50  SCV  
  17  1:03  SCV  
  18  1:15  SCV  
  19  1:27  Orbital Command, Reaper  
  20  1:39  Command Center  
  20  1:47  Supply Depot  
  20  1:53  SCV  
  21  1:58  Marine  
  22  2:05  SCV  
  23  2:10  Factory  
  23  2:17  SCV  
  23  2:20  Barracks Reactor  
  24  2:28  Refinery  
  24  2:29  SCV  
  25  2:41  SCV  
  25  2:52  Orbital Command  
  25  2:56  Starport  
  25  3:00  SCV  
  25  3:02  Hellion x2  
  25  3:03  Barracks Tech Lab  
  30  3:12  SCV  
  31  3:17  SCV  
  32  3:23  Hellion x2  
  32  3:24  SCV  
  37  3:29  SCV  
  37  3:33  Barracks Tech Lab  
  38  3:36  SCV  
  38  3:39  Viking  
  38  3:40  Supply Depot  
  41  3:42  SCV  
  41  3:47  Hellion  
  44  3:48  SCV  
  45  3:58  SCV  
  45  4:02  Hellion  
  47  4:03  Supply Depot  
  47  4:05  SCV  
  48  4:10  SCV  
  49  4:17  SCV  
  49  4:20  Command Center  
  49  4:22  SCV  
  51  4:25  Hellion x2  
  51  4:27  Supply Depot  
  51  4:29  SCV  
  56  4:34  SCV  
  57  4:41  SCV  
  58  4:45  Factory  
  58  4:46  SCV  
  58  4:50  Factory  
  58  4:51  Hellion x2  
  63  4:53  SCV  
  63  4:54  Supply Depot  
  63  4:58  Armory, SCV  
  65  5:06  SCV  
  66  5:10  SCV  
  63  5:15  Hellion x2  
  63  5:18  SCV  
  68  5:22  SCV  
  68  5:27  Engineering Bay  
  67  5:30  SCV  
  67  5:35  SCV  
  61  5:37  Siege Tank x2  
  61  5:38  Hellion x2  
  61  5:40  Orbital Command  
  61  5:42  SCV  
  68  5:44  Refinery, Supply Depot  
  68  5:47  Refinery, SCV  
  68  5:49  Terran Vehicle Weapons Level 1  
  69  5:54  SCV  
  70  5:59  SCV  
  70  6:01  Widow Mine  
  70  6:02  Widow Mine  
  75  6:06  SCV  
  75  6:10  SCV  
  75  6:11  SCV  
  78  6:12  Thor, Supply Depot  
  82  6:20  Siege Tank  
  82  6:24  SCV  
  82  6:26  Viking  
  82  6:28  Hellion  
  82  6:29  SCV x2, Hellion  
  88  6:34  Supply Depot  
  88  6:37  SCV  
  89  6:41  Refinery x2, SCV  
  89  6:44  Supply Depot x2  
  89  6:45  SCV  
  91  6:47  Missile Turret  
  91  6:49  SCV  
  91  6:50  Hellion x2  
  91  6:51  Missile Turret  
  96  6:56  SCV  
  96  6:57  Cyclone x2  
  103  7:11  Hellion  
  103  7:12  SCV  
  103  7:13  SCV, Factory x2  
  108  7:15  SCV  
  108  7:16  Supply Depot  
  108  7:20  Mag-Field Accelerator  
  108  7:21  Starport Reactor  
  108  7:24  SCV  
  108  7:25  SCV  
  108  7:26  Supply Depot  
  108  7:27  Supply Depot  
  110  7:34  Hellion x2  
  110  7:36  SCV  
  121  7:37  Missile Turret  
  121  7:43  Thor x2  
  127  7:44  Drilling Claws  
  127  7:52  Terran Vehicle And Ship Armor Level 1  
  127  7:53  Command Center  
  127  7:55  Missile Turret  
  127  7:59  Factory Tech Lab  
  127  8:00  Hellion x2  
  127  8:05  Missile Turret  
  131  8:06  Armory  
  131  8:11  Supply Depot  
  131  8:15  Supply Depot  
  131  8:17  Supply Depot  
  131  8:19  Supply Depot  
  131  8:22  Cyclone  
  131  8:24  Hellion x4  
  131  8:26  Cyclone  
  145  8:33  SCV  
  144  8:37  Supply Depot  
  144  8:43  Cyclone  
  144  8:45  Hellion  
  148  8:53  Factory  
  148  8:54  Cyclone, Factory x2, Missile Turret  
  151  8:56  SCV x2  
  151  8:58  Cyclone  
  156  9:09  Missile Turret  
  153  9:11  Hellion x3  
  153  9:15  Cyclone  
  160  9:22  SCV x3  
  163  9:26  Cyclone  
  163  9:27  Smart Servos  
  163  9:29  Planetary Fortress  
  166  9:32  Terran Vehicle Weapons Level 2, Refinery  
  166  9:33  Refinery  
  166  9:34  SCV x2  
  166  9:36  SCV  
  169  9:39  Factory Tech Lab x2, Factory Reactor  
  169  9:40  Cyclone  
  169  9:41  Hellion x2  
  176  9:46  SCV x2  
  176  9:51  Hellion x2, Cyclone  
  182  9:53  SCV  
  182  9:58  SCV x2  
  182  9:59  Cyclone  
  188  10:00  Widow Mine  
  188  10:01  Sensor Tower  
  188  10:10  Command Center, SCV x2  
  190  10:19  Command Center  
  190  10:21  Cyclone x3  
  196  10:28  Infernal Pre-Igniter  
  191  10:41  Cyclone x2  
  191  10:42  Hellion x2  
  199  10:48  Command Center  
  199  11:08  Hellion  
  199  11:09  Cyclone  
  199  11:10  Cyclone  
  192  11:16  SCV  
  177  11:21  SCV  
  177  11:25  SCV x2  
  175  11:32  Terran Vehicle And Ship Armor Level 2  
  175  11:37  Orbital Command  
  175  11:39  SCV  
  176  11:40  SCV x3  
  176  11:44  Cyclone  
  176  11:45  Hellion x2, Cyclone x3  
  176  11:46  Hellion  
  196  11:48  Supply Depot  
  196  11:51  Terran Vehicle Weapons Level 3, SCV  
  196  11:52  SCV x2  
  182  12:02  Thor  
  182  12:03  Hellion  
  154  12:12  Hellion  
  154  12:13  SCV  
  127  12:16  Thor x2  
  127  12:17  Cyclone x2  
  127  12:19  SCV x2  
  127  12:21  SCV  
  127  12:22  Orbital Command  
  137  12:27  Hellion x2  
  129  12:33  SCV x3  
  129  12:34  SCV  
  124  12:42  Hellion x3  
  124  12:43  Starport Reactor  
  130  12:44  Thor  
  136  12:52  Thor  
  136  12:54  Hellion  
  144  12:59  Thor  
  144  13:00  Hellbat, Hellion  
  144  13:04  Thor  
  160  13:06  Hellion  
  160  13:12  Thor  
  162  13:13  Hellion x2  
  162  13:25  Hellion x2  
  161  13:28  Cyclone  
  161  13:31  Hellion x2  
  154  13:35  Cyclone, Hellion x2  
  146  13:42  Thor  
  146  13:46  Hellion  
  146  13:47  Thor, Hellion  
  146  13:48  Orbital Command  
  152  14:07  Thor x2, Hellion  
  152  14:08  Hellion  
  168  14:12  Hellion, Cyclone  
  152  14:26  Cyclone  
  152  14:27  Hellion  
  152  14:30  Cyclone  
  133  14:44  Cyclone  
  127  14:46  Hellion  
  127  14:50  Cyclone x2  
  130  14:58  Cyclone  
  131  15:01  Hellion  
  131  15:03  Cyclone  
  121  15:16  Cyclone, Hellion  
  126  15:22  Cyclone x2  
  126  15:26  SCV  
  126  15:27  SCV  
  134  15:29  Command Center  
  134  15:31  Cyclone  
  134  15:35  Orbital Command, Cyclone  
  140  15:48  Cyclone  
  129  15:54  Cyclone  
  127  16:06  SCV x3  
  127  16:09  SCV x3  
  133  16:15  Viking  
  133  16:16  Viking  
  133  16:18  SCV x3  
  140  16:21  SCV x2  
  142  16:34  Cyclone  
  142  16:35  Hellion, Cyclone x2  
  151  16:46  Hellion x6  
  161  17:04  Viking x2  
  161  17:06  SCV x2  
  161  17:08  SCV x2  
  169  17:14  Cyclone x2  
  169  17:15  Hellion, Cyclone x3  
Show
View Real Time Build Order
Export as new Build Order

Spazymazy Zerg 

Build Orders: Pool First, Brood Lord Corruptor 

Get SALT Encoding   

  12  0:00  Drone  
  13  0:12  Overlord  
  13  0:17  Drone  
  14  0:30  Drone  
  14  0:31  Drone  
  16  0:40  Spawning Pool  
  15  0:45  Drone  
  15  0:48  Drone  
  17  1:10  Hatchery  
  16  1:12  Drone  
  16  1:16  Extractor  
  16  1:26  Drone  
  16  1:27  Zergling x2  
  16  1:28  Zergling x2  
  19  1:33  Queen  
  21  1:44  Drone  
  22  1:48  Roach Warren  
  22  1:51  Drone  
  22  2:04  Overlord  
  22  2:21  Queen  
  22  2:22  Drone x3  
  30  2:31  Metabolic Boost  
  30  2:34  Drone  
  31  2:39  Overlord  
  31  2:46  Drone x3  
  31  2:47  Drone  
  33  2:58  Hatchery  
  31  3:02  Overlord  
  31  3:09  Drone x3  
  34  3:16  Drone x3  
  37  3:21  Queen  
  37  3:25  Zergling x4  
  41  3:35  Overlord  
  41  3:36  Drone x3  
  41  3:40  Extractor  
  41  3:41  Extractor  
  42  3:44  Lair  
  42  3:48  Zergling x4  
  44  3:58  Drone  
  44  4:01  Zergling x2  
  44  4:02  Zergling x4  
  47  4:03  Overlord  
  47  4:07  Drone x2  
  47  4:08  Drone  
  50  4:10  Overlord  
  50  4:15  Drone x3  
  53  4:22  Spore Crawler  
  53  4:23  Spore Crawler  
  51  4:28  Roach Warren  
  50  4:33  Evolution Chamber  
  50  4:35  Drone  
  51  4:38  Drone x2  
  51  4:42  Spore Crawler  
  51  4:44  Overseer  
  51  4:47  Drone  
  51  4:51  Queen  
  54  4:54  Drone  
  54  4:55  Drone  
  54  4:58  Drone  
  57  5:02  Zerg Missile Weapons Level 1  
  57  5:04  Zergling x2  
  58  5:07  Zergling x4  
  58  5:13  Zergling x2  
  58  5:14  Zergling x2, Roach  
  60  5:18  Drone x2  
  59  5:23  Drone x3  
  61  5:29  Roach  
  61  5:30  Roach  
  61  5:34  Drone x2  
  61  5:35  Drone  
  65  5:37  Glial Reconstitution  
  65  5:45  Extractor  
  65  5:46  Drone x2  
  65  5:47  Overlord  
  66  5:52  Overlord  
  66  5:55  Overlord  
  63  5:57  Roach  
  63  6:02  Overseer  
  63  6:04  Overlord x2  
  64  6:07  Roach x3  
  70  6:15  Roach x2, Nydus Network  
  73  6:24  Drone  
  73  6:25  Drone x3  
  78  6:28  Drone x3, Spire  
  78  6:31  Extractor  
  78  6:32  Extractor  
  77  6:35  Drone x3  
  77  6:39  Drone x3  
  83  6:51  Drone, Hatchery  
  83  6:53  Drone x2  
  85  6:56  Drone x2  
  85  7:00  Drone x3  
  90  7:02  Drone x2  
  92  7:11  Overlord x2  
  92  7:22  Overlord x5  
  92  7:28  Extractor  
  91  7:34  Extractor  
  90  7:41  Mutalisk  
  90  7:42  Mutalisk x7  
  106  7:49  Infestation Pit  
  106  7:50  Drone x3  
  106  7:51  Drone x3  
  110  7:55  Drone  
  110  7:56  Drone x3  
  115  7:59  Zerg Missile Weapons Level 2  
  115  8:01  Drone  
  116  8:06  Drone, Queen  
  116  8:08  Roach x2  
  116  8:10  Ravager  
  116  8:11  Ravager x2  
  116  8:12  Ravager x2  
  128  8:13  Ravager x2  
  128  8:14  Ravager  
  128  8:15  Roach  
  128  8:19  Roach x2  
  137  8:32  Roach x7  
  151  8:34  Hive  
  151  8:35  Overlord  
  151  8:44  Overlord  
  151  8:47  Roach x4  
  159  8:52  Overlord  
  157  8:56  Roach x3  
  157  8:57  Roach x2  
  157  8:59  Overlord  
  165  9:08  Drone x2  
  162  9:15  Roach  
  162  9:16  Roach x10  
  174  9:21  Overlord x2  
  174  9:25  Ravager x6  
  174  9:26  Ravager x2  
  174  9:31  Overlord x2  
  182  9:34  Overlord  
  182  9:35  Roach x3  
  188  9:40  Roach x3  
  188  9:41  Roach  
  191  9:55  Greater Spire  
  191  9:59  Overlord  
  189  10:15  Zerg Ground Armor Level 1  
  189  10:21  Corruptor x5  
  194  10:38  Corruptor x4  
  182  10:54  Roach x4  
  184  11:08  Brood Lord  
  184  11:09  Brood Lord x6  
  147  11:21  Brood Lord x2  
  147  11:22  Roach x2  
  147  11:23  Zergling x18, Roach  
  147  11:24  Zergling x28  
  164  11:32  Roach x3  
  164  11:45  Corruptor x4  
  172  11:47  Hatchery  
  172  11:52  Baneling Nest  
  161  12:04  Zergling x2, Roach x5  
  161  12:05  Zergling x6  
  149  12:09  Zergling x2, Roach x3  
  149  12:14  Roach  
  152  12:19  Brood Lord x3  
  149  12:24  Roach  
  149  12:25  Zergling x10, Roach x2  
  148  12:38  Centrifical Hooks  
  148  12:41  Baneling  
  148  12:42  Baneling x8  
  148  12:47  Zergling x2, Roach x3  
  148  12:48  Zergling x10  
  160  12:53  Queen  
  160  12:58  Corruptor x3  
  160  13:00  Zergling x4  
  160  13:01  Zergling x4  
  170  13:06  Pathogen Glands  
  164  13:31  Roach x2  
  164  13:32  Zergling x8, Roach x3  
  152  13:40  Roach  
  152  13:41  Zergling x8, Roach x2  
  147  13:51  Brood Lord  
  147  13:52  Brood Lord x2  
  147  13:53  Roach x2  
  147  13:54  Zergling x6, Roach x2  
  158  14:02  Baneling  
  158  14:03  Baneling x7  
  158  14:05  Zergling x12  
  154  14:17  Mutalisk  
  154  14:18  Zergling x2, Roach x4  
  154  14:19  Zergling x2  
  157  14:26  Swarm Host  
  157  14:27  Zergling x6, Roach x4  
  157  14:30  Zergling x2, Roach x3  
  163  14:34  Roach x2  
  163  14:35  Roach  
  150  14:43  Corruptor  
  150  14:44  Corruptor x2  
  144  14:47  Zergling x2, Roach  
  141  14:59  Extractor  
  134  15:00  Extractor, Roach x2  
  134  15:01  Zergling x6, Roach x2  
  136  15:13  Corruptor x3  
  130  15:23  Roach x5  
  138  15:31  Viper x2  
  138  15:35  Drone x5  
  149  15:37  Drone  
  149  15:40  Drone x2  
  152  15:54  Zergling x4, Roach x2  
  150  15:59  Swarm Host  
  150  16:00  Zergling x2  
  145  16:11  Hatchery  
  145  16:16  Brood Lord x2  
  145  16:18  Brood Lord  
  150  16:24  Brood Lord  
  149  16:25  Corruptor  
  135  16:41  Roach x5  
  135  16:48  Ravager x2  
  135  16:49  Ravager  
  135  16:50  Corruptor x3  
  144  16:58  Corruptor  
  146  17:02  Brood Lord  
  146  17:06  Corruptor  
  151  17:08  Drone x2  
  151  17:14  Corruptor  
  154  17:21  Drone x5  
  154  17:22  Drone  
  160  17:34  Brood Lord  
  160  17:35  Brood Lord x2, Corruptor x2  
  163  17:41  Hatchery  
Tags
 
Add a new tag
Caveats
  • Supply blocks, unpowered buildings, or Contaminate may cause inaccurate times.
  • Supply counts are checked every 10 seconds.